 Dungeon Crawl Stone Soup version 0.29.0-10-g45618ea6d2 (webtiles) character file.

Game seed: 13084049667671437952

65 ToffieWolf the Chopper (level 3, -1/33 HPs)
             Began as a Minotaur Berserker on Sept 1, 2022.
             Was a Believer of Trog.
             Slain by Natasha (2 damage)
             ... on level 3 of the Dungeon.
             The game lasted 00:25:58 (1618 turns).

ToffieWolf the Chopper (Minotaur Berserker)         Turns: 1618, Time: 00:25:58

Health: -1/33      AC:  6    Str: 23    XL:     3   Next: 94%
Magic:  2/2        EV: 10    Int:  4    God:    Trog [**....]
Gold:   99         SH:  0    Dex:  9    Spells: 2/2 levels left

rFire   . . .      SeeInvis .   a - +0 hand axe
rCold   . . .      Faith    .   (no shield)
rNeg    . . .      Spirit   .   d - +0 scale mail
rPois   .          Reflect  .   (helmet restricted)
rElec   .          Harm     .   (no cloak)
rCorr   .          Rampage  .   (no gloves)
Will    .....                   (no boots)
Stlth   ..........              (no amulet)
HPRegen 0.11/turn               (no ring)
MPRegen 0.08/turn               (no ring)

@: no status effects
A: horns 2, retaliatory headbutt
a: Renounce Religion, Berserk, Trog's Hand


You were on level 3 of the Dungeon.
You worshipped Trog.
Trog was pleased with you.
You visited 1 branch of the dungeon, and saw 3 of its levels.

You collected 99 gold pieces.

Inventory:

Hand Weapons
 a - a +0 hand axe (weapon)
 c - a +0 dagger
 f - a +0 club
 i - a +0 dagger
 j - a +0 dagger
 k - a +0 dagger
 l - a +0 dagger
 m - a +0 dagger
 o - a +0 dagger
 q - a +0 sling
 r - a +0 flail
 t - a +0 club
 u - a +0 short sword
 x - a +0 dagger
 A - a +0 club
 C - a +0 club
 D - a +0 sling
 E - a +0 club
 J - a +0 dagger
Missiles
 n - 5 atropa-tipped darts (quivered)
 I - 5 boomerangs
Armour
 b - a +0 animal skin
 d - a +0 scale mail (worn)
 p - a +0 leather armour
Jewellery
 F - a ring of ice
Scrolls
 e - 5 scrolls of identify {unknown}
 s - a scroll of poison {unknown}
 y - a scroll of teleportation {unknown}
 B - a scroll of fear {unknown}
 H - a scroll of noise {unknown}
 K - a scroll of blinking {unknown}
Potions
 g - a potion of flight {unknown}
 h - 3 potions of heal wounds {unknown}
 v - 2 potions of cancellation {unknown}
 w - a potion of attraction {unknown}
 z - a potion of curing {unknown}
 G - a potion of brilliance {unknown}


   Skills:
 - Level 3.7 Fighting
 + Level 5.8 Axes
 - Level 2.4 Armour
 - Level 2.2 Dodging


You had 2 spell levels left.
You didn't know any spells.
Your spell library contained the following spells:

 Spells                   Type           Power      Damage    Failure   Level
 Magic Dart               Conj           0%         1d3       82%         1
 Call Imp                 Summ           0%         N/A       91%         2
 Mephitic Cloud           Conj/Pois/Air  0%         N/A       99%         3


Dungeon Overview and Level Annotations

Branches:
Dungeon (3/15)

Altars:

Shops:
D:3 :

Annotations:
D:3 Jessica, Natasha


Innate Abilities, Weirdness & Mutations

You have a pair of horns on your head.
You reflexively headbutt those who attack you in melee.


Message History

Natasha stares at you and mumbles some strange words.
The magic dart hits you!
You are too injured to fight recklessly!
You are too injured to fight recklessly!
You are too injured to fight recklessly!
You are too injured to fight recklessly!
You are too injured to fight recklessly!
You are too injured to fight recklessly!
You are too injured to fight recklessly!
You are too injured to fight recklessly!
Natasha barely misses you. You furiously retaliate!
You headbutt Natasha, but do no damage.
You are too injured to fight recklessly!
Natasha mumbles some strange words.
You closely miss Natasha.
Natasha is moderately wounded.
You hit the shadow imp but do no damage.
Natasha closely misses you. The shadow imp hits you.
You hit Natasha but do no damage.
Natasha is moderately wounded.
You hit the shadow imp. Natasha claws you. The shadow imp gestures at you.
Pain shoots through your body!
You are too injured to fight recklessly!
Natasha casts a spell at you. You resist with significant effort.
The shadow imp hits you but does no damage.
Natasha claws you but does no damage.
There is an escape hatch in the floor here.
Natasha claws you but does no damage. The shadow imp gestures at you.
Pain shoots through your body!
* * * LOW HITPOINT WARNING * * *
You slide downwards.
The hatch slams shut behind you.
The shadow imp disappears in a puff of smoke!
Level annotation: Jessica
Found 4 poisoned darts.
Found Leymuxt's Book Shoppe.
Natasha claws you but does no damage. Natasha claws you.
You die...

#. ## ### #.
.... .####
....##..(# ##
#...#...###....
#......∩..#
#.@.# #.rh#
##..# #....#
#.##.# #.# .#
... . ##.# ..
#. ..


You could see Natasha and a rat.

Vanquished Creatures
  A worm (D:2)
  3 dart slugs
  5 ball pythons
  4 endoplasms
  5 giant cockroaches
  2 hobgoblins
  6 jackals
  4 kobolds
  4 bats
  5 frilled lizards
  9 goblins
  3 rats
51 creatures vanquished.

Notes
Turn   | Place    | Note
-------+----------+-------------------------------------------
     0 | D:1      | ToffieWolf the Minotaur Berserker began the quest for the
                  | Orb.
     0 | D:1      | Reached XP level 1. HP: 19/19 MP: 0/0
   112 | D:1      | Reached skill level 4 in Axes
   217 | D:1      | Reached XP level 2. HP: 17/27 MP: 1/1
   800 | D:1      | Reached skill level 5 in Axes
   880 | D:2      | Reached XP level 3. HP: 32/33 MP: 2/2
  1027 | D:2      | Reached ** piety under Trog
  1588 | D:3      | Noticed Natasha
  1599 | D:3      | Noticed Jessica
  1614 | D:2      | HP: 1/33 [shadow imp/nerve-wracking pain[Natasha] (10)]
  1617 | D:3      | Found Leymuxt's Book Shoppe.
  1618 | D:3      | Slain by Natasha

Illustrated notes

Levels and vault maps discovered:
D:1:      evilmike_arrival_hilbert_curve, layout_rooms
D:2:      layout_rooms
D:3:      layout_rooms, serial_shops, shop,
          dreamdust_ecumenical_altar_sealed_demon, gammafunk_ghost_cemetery,
          uniq_jessica, uniq_natasha, uniq_sigmund

Skill      XL: |  1  2 |
---------------+-------+-----
Axes           | 4 5 |  5.8
Fighting       | |  3.7
Armour         | |  2.4
Dodging        | |  2.2

Action                   || total
-------------------------++-------
Melee: Hand axe          ||   119
       Headbutt          ||    14
Armor: Scale mail        ||    37
       Animal skin       ||     1
Dodge: Dodged            ||    68
